 Dungeon Crawl Stone Soup version 0.27.0-1-g7a089689b8 (webtiles) character file.

Game seed: 7972942903161124993

297 Anothat the Cudgeller (level 6, -17/39 HPs)
             Began as a Gargoyle Fighter on July 31, 2021.
             Demolished by an ogre (23 damage)
             ... on level 5 of the Dungeon.
             The game lasted 00:08:16 (4285 turns).

Anothat the Cudgeller (Gargoyle Fighter)            Turns: 4285, Time: 00:08:17

Health: -17/39     AC: 15    Str: 21    XL:     6   Next: 35%
Magic:  6/6        EV:  7    Int:  9    God:
Gold:   158        SH:  0    Dex:  9    Spells: 5/5 levels left

rFire    . . .     SeeInvis .   r - +1 dire flail
rCold    . . .     Faith    .   (shield currently unavailable)
rNeg     + . .     Spirit   .   h - +0 chain mail
rPois    ∞         Reflect  .   (no helmet)
rElec    +         Harm     .   f - +0 cloak
rCorr    .         Rampage  .   (no gloves)
Will     +....                  (no boots)
Stlth    ..........             (no amulet)
HPRegen  0.13/turn              o - ring of willpower
MPRegen  0.10/turn              (no ring)

@: mighty, flying
A: sickness immunity, AC +4, negative energy resistance 1, electricity
resistance, torment resistance 1, petrification resistance
a: no special abilities


You were on level 5 of the Dungeon.
You visited 1 branch of the dungeon, and saw 5 of its levels.

You collected 158 gold pieces.

Inventory:

Hand Weapons
 a - a +0 flail
 r - a +1 dire flail (weapon)
Armour
 b - a +0 scale mail
 c - a +0 kite shield
 f - a +0 cloak (worn)
 h - a +0 chain mail (worn)
Jewellery
 o - a ring of willpower (left hand)
Wands
 l - a wand of iceblast (11)
Scrolls
 e - a scroll of enchant weapon {unknown}
 i - a scroll of teleportation {unknown}
 j - a scroll of brand weapon {unknown}
 k - a scroll of identify {unknown}
 m - a scroll of vulnerability {unknown}
 n - a scroll of enchant armour {unknown}
 p - a scroll of noise {unknown}
Potions
 g - a potion of haste


   Skills:
 + Level 4.7 Fighting
 * Level 4.8 Maces & Flails
 + Level 4.7 Armour
 - Level 3.2 Shields


You had 5 spell levels left.
You didn't know any spells.
Your spell library contained the following spells:

 Spells                   Type           Power      Damage    Failure   Level
 Corona                   Hex            0%         N/A       98%         1
 Blink                    Tloc           N/A        N/A       99%         2
 Ensorcelled Hibernation  Hex/Ice        0%         N/A       99%         2
 Tukima's Dance           Hex            0%         N/A       100%        3
 Iskenderun's Battlesphe  Conj           0%         2d6       100%        5
 Manifold Assault         Tloc           0%         N/A       100%        5
 Iron Shot                Conj/Erth      0%         9d1       100%        6
 Spellforged Servitor     Conj/Summ      0%         N/A       100%        7
 Storm Form               Tmut/Air       0%         N/A       100%        7


Dungeon Overview and Level Annotations

Branches:
Dungeon (5/15)
 Temple: D:4-7

Altars:
Qazlal
Uskayaw

Annotations:
D:2 1 runed translucent door, Crazy Yiuf


Innate Abilities, Weirdness & Mutations

You are immune to sickness and miasma.
Your stone body is resilient. (AC +4)
You are immune to poison.
You resist negative energy. (rN+)
You are resistant to electric shocks. (rElec)
You are resistant to unholy torment.
You are immune to petrification.


Message History

There is a stone staircase leading down here.
You climb downwards.
The ogre hits you but does no damage.
There is a stone staircase leading up here.
You hit the ogre.
The ogre is lightly wounded.
The ogre hits you with a +0 giant club!
You hit the ogre.
The ogre is moderately wounded.
The ogre hits you but does no damage.
You hit the ogre.
The ogre is moderately wounded.
You barely miss the ogre.
The ogre is moderately wounded.
The ogre hits you but does no damage.
The wight hits you but does no damage. x2
The wight hits you with a +0 halberd.
There is a stone staircase leading up here.
The wight hits you from afar with a +0 halberd!
* * * LOW HITPOINT WARNING * * *
The ogre barely misses you. The wight hits you but does no damage.
A goblin comes into view. It is wielding a +0 dagger.
The goblin hits you but does no damage.
There is a stone staircase leading down here.
Okay, then.
Okay, then.
You can't go up here!
The ogre barely misses you. The goblin hits you but does no damage.
You climb downwards.
You hear the sound of rushing water.
There is an entrance to a sewer on this level.
Hurry and find it before the portal rusts away!
There is a stone staircase leading up here.
It was a potion of flight.
You feel very buoyant.
You fly up into the air.
The ogre hits you with a +0 giant club!
* * * LOW HITPOINT WARNING * * *
The goblin hits you but does no damage.
You feel very mighty all of a sudden.
The ogre hits you with a +0 giant club!!
Ouch! That really hurt!
You die...

#####
#...##
#@g..#
#...O....#
##.......#
#.......#
#.......#
#.......#
........#
#........#


You could see an ogre and a goblin.

Vanquished Creatures
  A black bear (D:3)
  2 wights
  Terence (D:2)
  An iguana (D:3)
  An adder (D:3)
  An ufetubus (D:3)
  2 dart slugs
  2 bats
  2 endoplasms
  2 giant cockroaches
  5 goblins
  4 hobgoblins
  7 jackals (D:2)
  6 quokkas
  6 ball pythons (D:2)
  4 frilled lizards
  4 kobolds (D:2)
  9 rats
60 creatures vanquished.

Vanquished Creatures (others)
  56 plants (D:2)
56 creatures vanquished.

Grand Total: 116 creatures vanquished

Notes
Turn   | Place    | Note
-------+----------+-------------------------------------------
     0 | D:1      | Anothat the Gargoyle Fighter began the quest for the Orb.
     0 | D:1      | Reached XP level 1. HP: 14/14 MP: 1/1
    55 | D:1      | Reached XP level 2. HP: 10/19 MP: 2/2
   646 | D:1      | Found a faded altar of an unknown god.
  1281 | D:2      | Reached XP level 3. HP: 23/23 MP: 3/3
  1309 | D:2      | Found a stormy altar of Qazlal.
  1923 | D:2      | Found a hide-covered altar of Uskayaw.
  2208 | D:2      | Noticed Terence
  2229 | D:2      | Killed Terence
  2230 | D:2      | Reached XP level 4. HP: 14/29 MP: 4/4
  2453 | D:2      | Found a runed translucent door.
  2454 | D:2      | Noticed Crazy Yiuf
  3061 | D:3      | Noticed a black bear
  3069 | D:3      | Killed a black bear
  3070 | D:3      | Reached XP level 5. HP: 34/34 MP: 5/5
  3366 | D:4      | Noticed an ogre
  3975 | D:2      | Reached XP level 6. HP: 37/39 MP: 6/6
  4283 | D:5      | Entered Level 5 of the Dungeon
  4285 | D:5      | Demolished by an ogre

Illustrated notes

Levels and vault maps discovered:
D:1:      amcnicky_arrival_feature_with_door, layout_basic,
          shapermc_ecumenical_altar_mp_vishouse
D:2:      wad_woods_stonehenge, layout_loops_ring, basic_altar,
          uniq_crazy_yiuf_cottage, uniq_terence
D:3:      layout_loops_cross
D:4:      layout_loops_ring, nicolae_yredelemnul_ghost_church,
          small_statue_intersection, minmay_manual_mares
D:5:      layout_cave_pods, minmay_temple_entry_proselytizer,
          cheibrodos_sewer_entry_bend

Skill      XL: |  1  2  3  4 |
---------------+-------------+-----
Maces & Flails | 3 4 |  4.8
Fighting       | 4 |  4.7
Armour         | 4 |  4.7
Shields        | |  3.2

Action                   |  1- 3 |  4- 6 || total
-------------------------+-------+-------++-------
Melee: Flail             |   161 |    72 ||   233
       Dire flail        |       |     4 ||     4
  Use: Potion            |     3 |     3 ||     6
Armor: Scale mail        |    19 |       ||    19
       Chain mail        |    71 |    64 ||   135
       Skin              |     4 |       ||     4
Dodge: Dodged            |    45 |    20 ||    65
Block: Kite shield       |    85 |    44 ||   129
